 Dungeon Crawl Stone Soup version 0.31.0-4-g52a2dc7128 (webtiles) character file.

Game seed: 5602261026443760823

65257 ymhsbmbesitwf the Thaumaturge (level 14, -10/73 (76) HPs)
             Began as a Deep Elf Conjurer on Jan 21, 2024.
             Was the Champion of Zin.
             Mangled by a boulder beetle (15 damage)
             ... on level 11 of the Dungeon.
             The game lasted 01:47:28 (27281 turns).

ymhsbmbesitwf the Thaumaturge (Deep Elf Conjurer)  Turns: 27281, Time: 01:47:29

HP:   -10/73 (76)   AC: 17    Str: 12    XL:     14   Next: 74%
MP:   12/32         EV: 13    Int: 33    God:    Zin [******]
Gold: 545           SH:  0    Dex: 13    Spells: 23/38 levels left

rFire   + . .        o - +4 mace of Watchfulness {freeze, *Slow rPois Will+ rCorr}
rCold   . . .        (no shield)
rNeg    . . .        p - +3 ring mail "Wody" {Str+3}
rPois   +            (no helmet)
rElec   +            E - +2 cloak
rCorr   +            (no gloves)
SInv    .            X - +0 pair of boots
Will    ++...        l - amulet of the acrobat
Stlth   +            e - +4 ring of protection
HPRegen 0.32/turn    W - ring "Acvudaq" {rElec rF+ Str+3 Int+6}
MPRegen 0.23/turn

%: slow self (1%), acrobat
@: very slightly contaminated, studying Armour, lightly drained
A: no striking features
a: Renounce Religion, Recite, Vitalisation, Imprison, Sanctuary, Donate Gold


You were on level 11 of the Dungeon.
You worshipped Zin.
Zin was exalted by your worship.
You visited 4 branches of the dungeon, and saw 19 of its levels.
You also visited: Bailey.

You collected 2189 gold pieces.
You spent 1422 gold pieces at shops.
You donated 222 gold pieces to Zin.

Inventory:

Hand Weapons
 a - the +3 dagger "Mahouvus" {flame, rF+ Str-2 Dex+6}
   (You found it on level 3 of the Dungeon)

   Str-2:     It affects your strength (-2).
   Dex+6:     It affects your dexterity (+6).
   rF+:       It protects you from fire.
 o - the +4 mace of Watchfulness (weapon) {freeze, *Slow rPois Will+ rCorr}
   (You found it on level 5 of the Lair of Beasts)

   rPois:     It protects you from poison Will+: It increases your willpower.
   rCorr:     It protects you from acid and corrosion.
   *Slow:     It may slow you when you take damage.
Missiles
 Q - 3 throwing nets
Armour
 d - the +2 helmet of Lies {Int+4}
   (You found it on level 2 of the Dungeon)

   Int+4:     It affects your intelligence (+4).
 g - a +0 leather armour of willpower
 p - the +3 ring mail "Wody" (worn) {Str+3}
   (You found it on level 2 of the Dungeon)

   Str+3:     It affects your strength (+3).
 E - a +2 cloak (worn)
 G - a +0 kite shield
 O - a +0 leather armour of poison resistance
 T - the +1 robe "Weq Wiuc" {rN+}
   (You found it on level 5 of the Lair of Beasts)

   rN+:       It protects you from negative energy.
 X - a +0 pair of boots (worn)
Jewellery
 e - a +4 ring of protection (left hand)
 l - an amulet of the acrobat (around neck)
 n - a ring of protection from cold
 x - a ring of protection from fire
 y - a ring of flight
 R - a ring of ice
 S - a ring of resist corrosion
 W - the ring "Acvudaq" (right hand) {rElec rF+ Str+3 Int+6}
   (You found it on level 5 of the Lair of Beasts)

   [ring of intelligence]

   Str+3:     It affects your strength (+3).
   Int+6:     It affects your intelligence (+6).
   rF+:       It protects you from fire.
   rElec:     It insulates you from electricity.
Wands
 b - a wand of charming (20)
 q - a wand of polymorph (6)
 D - a wand of flame (37)
 L - a wand of mindburst (12)
 U - a wand of light (4)
Scrolls
 f - 4 scrolls of fear
 h - 4 scrolls of immolation
 i - 11 scrolls of teleportation
 k - 2 scrolls of silence {unknown}
 r - 8 scrolls of blinking
 s - a scroll of torment {unknown}
 u - a scroll of poison {unknown}
 w - 9 scrolls of enchant armour
 A - 5 scrolls of revelation
 F - 4 scrolls of noise {unknown}
 J - 5 scrolls of enchant weapon
 K - 2 scrolls of amnesia {unknown}
 M - 2 scrolls of vulnerability {unknown}
 N - a scroll of fog {unknown}
Potions
 c - 3 potions of resistance
 j - 9 potions of curing
 m - a potion of lignification {unknown}
 t - 6 potions of heal wounds
 z - 3 potions of attraction
 B - a potion of might {unknown}
 C - 3 potions of ambrosia
 H - 3 potions of brilliance
 I - 2 potions of haste
 P - a potion of invisibility {unknown}
 V - a potion of enlightenment {unknown}


   Skills:
 - Level 4.0 Fighting
 + Level 5.6 Armour
 - Level 8.0 Dodging
 - Level 2.4 Stealth
 * Level 3.7 Shields
 - Level 12.6 Spellcasting
 - Level 12.3 Conjurations
 - Level 12.3 Translocations
 - Level 12.4 Ice Magic
 - Level 12.2 Air Magic


You had 23 spell levels left.
You knew the following spells:

 Your Spells              Type           Power      Damage    Failure   Level
a - Magic Dart            Conj           100%       1d8       1%          1
b - Searing Ray           Conj           100%       2d8       1%          2
c - Hailstorm             Conj/Ice       80%        3d13      1%          3
d - Freezing Cloud        Conj/Ice/Air   40%        6-21      1%          5
e - Iskenderun's Mystic   Conj/Tloc      80%        2d16      1%          4

Your spell library contained the following spells:

 Spells                   Type           Power      Damage    Failure   Level
 Blink                    Tloc           100%       N/A       1%          2
 Cigotuvi's Dreadful Rot  Necr/Alch/Air  94%        N/A       1%          2
 Lesser Beckoning         Tloc           100%       N/A       1%          2
 Momentum Strike          Conj/Tloc      100%       3d10      1%          2
 Frozen Ramparts          Ice            100%       1d16      1%          3
 Summon Ice Beast         Ice/Summ       58%        N/A       1%          3
 Fulminant Prism          Conj/Alch      28%        3d13      3%          4
 Call Imp                 Summ           40%        N/A       7%          2
 Sublimation of Blood     Necr           20%        N/A       7%          2
 Metabolic Englaciation   Hex/Ice        29%        N/A       10%         5
 Ignite Poison            Fire/Alch      20%        N/A       41%         4
 Leda's Liquefaction      Alch/Erth      10%        N/A       41%         4
 Petrify                  Alch/Erth      20%        N/A       41%         4
 Sculpt Simulacrum        Ice/Alch       29%        N/A       47%         6
 Malign Gateway           Summ/Tloc      28%        N/A       97%         7
 Summon Hydra             Summ           10%        N/A       100%        7
 Summon Horrible Things   Summ           10%        N/A       100%        8


Dungeon Overview and Level Annotations

Branches:
Dungeon (11/15)            Temple (1/1) D:7            Lair (5/5) D:10
 Shoals (0/4) Lair:3       Spider (0/4) Lair:2        Slime (0/5) Lair:5
    Orc (2/2) D:11            Elf (0/3) Orc:2        Bailey (visited)

Altars:
Ashenzari
Cheibriados
Dithmenos
Elyvilon
Fedhas
Gozag
Hepliaklqana
Kikubaaqudgha
Makhleb
Nemelex Xobeh
Okawaru
Qazlal
Ru
Sif Muna
Trog
Uskayaw
Vehumet
Wu Jian
Xom
Yredelemnul
Zin
The Shining One

Shops:
D:7 :   D:10 [   Orc:2 (*[[[

Annotations:
D:10 invis horror?


Message History

The boulder beetle is knocked back by the mystic blast.
The mystic blast hits the boulder beetle!
The boulder beetle is almost dead.
The boulder beetle is knocked back by the mystic blast.
The boulder beetle slams into the rock wall!
The orc knight hits you with a +0 war axe.
* * * LOW HITPOINT WARNING * * *
The boulder beetle curls into a ball and begins rolling!
The boulder beetle leaps!
The boulder beetle curls into a ball and begins rolling!
Casting: Iskenderun's Mystic Blast (safe; 1% risk of failure)
Confirm with . or Enter, or press ? or * to list all spells.
You erupt in a blast of force!
The mystic blast hits the boulder beetle!
The boulder beetle is moderately wounded.
The boulder beetle is knocked back by the mystic blast.
The mystic blast hits the boulder beetle!
The boulder beetle is almost dead.
The boulder beetle is knocked back by the mystic blast.
The mystic blast hits the orc knight.
The orc knight is moderately wounded.
The orc knight is knocked back by the mystic blast.
You hear a bellow!
Casting: Iskenderun's Mystic Blast (safe; 1% risk of failure)
Confirm with . or Enter, or press ? or * to list all spells.
You miscast Iskenderun's Mystic Blast.
You are very lightly contaminated with residual magic.
Nothing appears to happen.
The boulder beetle hits you!
* * * LOW HITPOINT WARNING * * *
The boulder beetle stops rolling and uncurls.
Unknown command.
Casting: Iskenderun's Mystic Blast (safe; 1% risk of failure)
Confirm with . or Enter, or press ? or * to list all spells.
You erupt in a blast of force!
The mystic blast hits the boulder beetle but does no damage.
The boulder beetle is moderately wounded.
The mystic blast hits the boulder beetle.
You kill the boulder beetle!
The boulder beetle hits you!
You die...

'.....#...# #..........#
#....<#...# #..........#
#.....'...# #..........#
#.....#...# #..........#
#.....#...#####..........#
#.....#..................#
#.....#............)...###
#######................#
.............°oB@....###
.........©......†....#
.....#########......(#
....##8.[©oW8##..[(..####
....#......3SC#....<....#
....#.##...##.#.........#
....#.##...##.#.........#
##..#.........#.........#
.#..#.##...##.#.........#


You could see a boulder beetle (rolling), an orc knight, a cyclops, a phantasmal
warrior, a black mamba shaped shifter, a smoke demon (summoned) and an orc
sorcerer.

Vanquished Creatures
  The ghost of MacCMillion the Champion of Chaos, a journeyman HOFi of Makhleb (Orc:2)
  An orc warlord (Orc:2)
  Harold (D:11)
  A catoblepas (Lair:5)
  Fannar (D:11)
  5 hydras
  3 two-headed ogres
  2 boulder beetles (D:11)
  A deep troll shaman (Lair:5)
  7 death yaks (Lair:5)
  Sonja (D:10)
  2 skysharks
  An obsidian statue (Orc:2)
  5 orc knights
  A manticore (D:11)
  An orc sorcerer (Orc:2)
  13 elephants
  A cyclops (D:11)
  2 kobold blastminers (Orc:2)
  3 black mambas
  A water nymph (Lair:3)
  2 torpor snails
  10 cane toads
  5 rime drakes
  6 komodo dragons
  A polar bear (Lair:4)
  3 trolls
  A hornet (D:10)
  24 blink frogs
  A wraith (D:9)
  67 yaks
  5 wyverns
  2 basilisks (Lair:3)
  4 wargs
  16 water moccasins
  5 ice beasts
  44 orc warriors
  A sky beast (D:7)
  2 black bears
  7 ogres
  21 wolves
  A phantom (D:5)
  4 kobold brigands
  Blork the orc (D:6)
  13 bullfrogs
  A gnoll sergeant (D:8)
  7 scorpions
  7 wights
  4 killer bees (D:8)
  5 howler monkeys
  2 bombardier beetles
  5 hounds
  5 jellies
  25 orc priests
  Crazy Yiuf (D:5)
  4 iguanas
  Ijyb (D:3)
  31 orc wizards
  4 gnolls (D:8)
  8 adders
  2 shadow imps (D:7)
  A white imp (D:7)
  2 ufetubi (D:6)
  4 ribbon worms
  3 dart slugs
  132 orcs
  7 endoplasms
  11 giant cockroaches
  11 goblins
  7 hobgoblins
  5 jackals
  3 quokkas
  5 ball pythons
  9 bats
  3 frilled lizards
  29 kobolds
  29 rats
  A spectral kobold (D:5)
674 creatures vanquished.

Vanquished Creatures (others)
  A hydra (Lair:5)
1 creature vanquished.

Grand Total: 675 creatures vanquished

Notes
Turn   | Place    | Note
-------+----------+-------------------------------------------
     0 | D:1      | ymhsbmbesitwf the Deep Elf Conjurer began the quest for the
                  | Orb.
     0 | D:1      | Reached XP level 1. HP: 10/10 MP: 6/6
     1 | D:1      | You fall into a shaft and drop 1 floor!
    70 | D:2      | Identified the +2 helmet of Lies {Int+4}
    89 | D:2      | Reached XP level 2. HP: 16/16 MP: 3/8
   144 | D:1      | Learned a level 2 spell: Searing Ray
   198 | D:1      | Found a faded altar of an unknown god.
   736 | D:1      | Reached XP level 3. HP: 20/20 MP: 6/10
  1206 | D:2      | Reached skill level 1 in Fighting
  1313 | D:2      | Identified the +3 ring mail "Wody" {Str+3}
  1494 | D:2      | Reached XP level 4. HP: 25/25 MP: 8/12
  1646 | D:2      | Reached skill level 5 in Spellcasting
  1646 | D:2      | Reached skill level 5 in Conjurations
  2597 | D:3      | Identified the +3 dagger "Mahouvus" {flame, rF+ Str-2
                  | Dex+6}
  2604 | D:3      | Reached XP level 5. HP: 29/29 MP: 10/14
  2690 | D:3      | Noticed Ijyb
  2696 | D:3      | Killed Ijyb
  3091 | D:4      | Found an ancient bone altar of Kikubaaqudgha.
  3291 | D:4      | Reached XP level 6. HP: 27/34 MP: 10/16
  3295 | D:4      | Reached skill level 1 in Armour
  3687 | D:4      | Reached XP level 7. HP: 29/38 MP: 15/18
  4081 | D:5      | Entered Level 5 of the Dungeon
  4462 | D:5      | Learned a level 3 spell: Hailstorm
  4480 | D:5      | Reached skill level 1 in Ice Magic
  4937 | D:5      | Reached XP level 8. HP: 44/44 MP: 6/20
  5051 | D:5      | Found a hazy altar of Hepliaklqana.
  5104 | D:5      | Reached skill level 5 in Ice Magic
  5243 | D:5      | Found a burning altar of Makhleb.
  5298 | D:5      | Found a runed translucent door.
  5299 | D:5      | Noticed Crazy Yiuf
  5305 | D:5      | Killed Crazy Yiuf
  6062 | D:6      | Reached XP level 9. HP: 48/48 MP: 17/22
  6138 | D:6      | Noticed Blork the orc
  6145 | D:6      | Killed Blork the orc
  6318 | D:6      | Found a glowing silver altar of Zin.
  6319 | D:6      | Found a hide-covered altar of Uskayaw.
  6320 | D:6      | Found a blossoming altar of Fedhas.
  6321 | D:6      | Found a sparkling altar of Nemelex Xobeh.
  6880 | D:7      | Found a flagged portal.
  6924 | Bailey   | Entered a bailey
  7082 | Bailey   | Reached skill level 10 in Spellcasting
  7082 | Bailey   | Reached XP level 10. HP: 53/53 MP: 23/26
  7094 | Bailey   | Noticed an orc knight
  7112 | Bailey   | Killed an orc knight
  7301 | Bailey   | Noticed an orc knight
  7344 | Bailey   | Killed an orc knight
  7508 | D:7      | Found a staircase to the Ecumenical Temple.
  7517 | Temple   | Entered the Ecumenical Temple
  7522 | Temple   | Became a worshipper of Elyvilon the Healer
  7662 | D:7      | Found a stormy altar of Qazlal.
  8036 | D:7      | Found Taupoyhi's Self-Improvement Boutique.
  8136 | D:7      | Found a shadowy altar of Dithmenos.
  8569 | D:8      | Reached * piety under Elyvilon
  9041 | D:8      | Noticed a two-headed ogre
  9048 | D:8      | Killed a two-headed ogre
  9049 | D:8      | Reached XP level 11. HP: 50/59 MP: 13/28
  9487 | D:9      | Found a transporter.
  9487 | D:9      | Found a transporter.
  9765 | D:9      | Reached skill level 5 in Dodging
  9960 | D:9      | Learned a level 5 spell: Freezing Cloud
  9990 | D:9      | Reached ** piety under Elyvilon
 10029 | D:9      | Found a glowing golden altar of the Shining One.
 10042 | D:9      | Reached skill level 1 in Air Magic
 10389 | D:9      | Found a snail-covered altar of Cheibriados.
 10389 | D:9      | Found a basalt altar of Yredelemnul.
 10398 | D:9      | Found a faded altar of an unknown god.
 10400 | D:9      | Found a shimmering blue altar of Sif Muna.
 10483 | D:9      | Found a bloodstained altar of Trog.
 10757 | D:10     | Entered Level 10 of the Dungeon
 11075 | D:10     | Noticed Sonja
 11096 | D:10     | Found Ixeleuj's Antique Armour Shoppe.
 11145 | D:10     | Reached skill level 5 in Air Magic
 11395 | D:10     | Reached *** piety under Elyvilon
 11579 | D:10     | Killed Sonja
 11661 | D:10     | Found a staircase to the Lair.
 11767 | D:10     | Noticed a two-headed ogre
 11779 | D:10     | Killed a two-headed ogre
 12341 | D:11     | Noticed Harold
 12447 | D:11     | Identified the ring of Fusoskim {rN+ MP+9 Str+4 Stlth-}
 12447 | D:11     | Noticed an orc sorcerer
 12447 | D:11     | Noticed an orc knight
 12447 | D:11     | Noticed a boulder beetle
 12448 | D:11     | Noticed a phantasmal warrior
 12456 | D:11     | Killed Harold
 12456 | D:11     | Noticed a boulder beetle
 12540 | D:11     | Reached XP level 12. HP: 61/64 MP: 19/29
 12567 | D:11     | a spriggan changed into an entropy weaver
 12567 | D:11     | Noticed an entropy weaver (shapeshifter)
 12574 | D:11     | an entropy weaver changed into something unseen
 12604 | D:11     | Found a transporter.
 12666 | D:11     | Found a white marble altar of Elyvilon.
 12700 | D:11     | Noticed Fannar
 12715 | D:11     | Killed Fannar
 12846 | D:11     | Noticed a boulder beetle
 13150 | D:11     | Noticed a two-headed ogre
 13161 | D:11     | Killed a two-headed ogre
 13438 | D:11     | Found a staircase to the Orcish Mines.
 13604 | D:11     | Reached **** piety under Elyvilon
 13657 | D:11     | Reached skill level 10 in Air Magic
 13672 | D:11     | Killed a boulder beetle
 13820 | D:11     | Found a transporter.
 13820 | D:11     | Noticed an entropy weaver
 13820 | D:11     | an entropy weaver changed into a crocodile
 14065 | Lair:1   | Entered Level 1 of the Lair of Beasts
 15713 | Lair:1   | Learned a level 4 spell: Iskenderun's Mystic Blast
 15942 | Lair:2   | Reached ***** piety under Elyvilon
 15956 | Lair:2   | Reached skill level 1 in Translocations
 15959 | Lair:2   | Reached XP level 13. HP: 66/69 MP: 10/31
 16165 | Lair:2   | Found a hole to the Spider Nest.
 17100 | Lair:3   | Reached skill level 5 in Translocations
 17658 | Lair:3   | Found a staircase to the Shoals.
 18839 | Lair:4   | Reached ****** piety under Elyvilon
 19881 | Lair:5   | Entered Level 5 of the Lair of Beasts
 19947 | Lair:4   | Reached skill level 10 in Translocations
 20798 | Lair:5   | Identified the +1 robe "Weq Wiuc" {rN+}
 21208 | Lair:5   | Found a staircase to the Slime Pits.
 21274 | Lair:5   | Found a white marble altar of Elyvilon.
 21281 | Lair:5   | Reached XP level 14. HP: 74/74 MP: 18/32
 22539 | Lair:5   | Identified the ring "Acvudaq" {rElec rF+ Str+3 Int+6}
 22570 | Lair:5   | Identified the +4 mace of Watchfulness {freeze, *Slow rPois
                  | Will+ rCorr}
 23072 | D:7      | Bought a manual of Armour for 1040 gold pieces
 23182 | D:6      | Gained mutation: Your flesh is heat resistant. (rF+)
                  | [potion of mutation]
 23182 | D:6      | Gained mutation: You have a pair of small antennae on your
                  | head. [potion of mutation]
 23182 | D:6      | Gained mutation: Your body sometimes deteriorates upon
                  | taking damage. [potion of mutation]
 23182 | D:6      | Gained mutation: You are partially covered in iridescent
                  | scales. (AC +2) [potion of mutation]
 23183 | D:6      | Lost mutation: You have a pair of small antennae on your
                  | head. [potion of mutation]
 23183 | D:6      | Lost mutation: You are partially covered in iridescent
                  | scales. (AC +2) [potion of mutation]
 23183 | D:6      | Gained mutation: You are vulnerable to cold. (rC-) [potion
                  | of mutation]
 23183 | D:6      | Gained mutation: You are dopey. (Int -2) [potion of
                  | mutation]
 23183 | D:6      | Gained mutation: You expend magic power (3 MP) to
                  | strengthen your wands. [potion of mutation]
 23183 | D:6      | Gained mutation: Your flesh is very heat resistant. (rF++)
                  | [potion of mutation]
 23184 | D:6      | Lost mutation: Your flesh is very heat resistant. (rF++)
                  | [potion of mutation]
 23184 | D:6      | Lost mutation: Your body sometimes deteriorates upon taking
                  | damage. [potion of mutation]
 23184 | D:6      | Gained mutation: You are partially covered in iridescent
                  | scales. (AC +2) [potion of mutation]
 23184 | D:6      | Lost mutation: Your flesh is heat resistant. (rF+) [potion
                  | of mutation]
 23185 | D:6      | Lost mutation: You expend magic power (3 MP) to strengthen
                  | your wands. [potion of mutation]
 23185 | D:6      | Lost mutation: You are dopey. (Int -2) [potion of mutation]
 23185 | D:6      | Lost mutation: You are partially covered in iridescent
                  | scales. (AC +2) [potion of mutation]
 23185 | D:6      | Gained mutation: You have a pair of small antennae on your
                  | head. [potion of mutation]
 23185 | D:6      | Gained mutation: You are partially covered in iridescent
                  | scales. (AC +2) [potion of mutation]
 23185 | D:6      | Gained mutation: Your spells are a little harder to cast,
                  | but a little more powerful. [potion of mutation]
 23186 | D:6      | Fell from the grace of Elyvilon
 23186 | D:6      | Became a worshipper of Zin the Law-Giver
 23186 | D:6      | Reached * piety under Zin
 23186 | D:6      | Reached ** piety under Zin
 23186 | D:6      | Reached *** piety under Zin
 23186 | D:6      | Reached **** piety under Zin
 23187 | D:6      | Donated 108 gold pieces to Zin
 23366 | Orc:1    | Entered Level 1 of the Orcish Mines
 23650 | Orc:2    | Entered Level 2 of the Orcish Mines
 23693 | Orc:2    | Reached ***** piety under Zin
 23853 | Orc:2    | Found a staircase to the Elven Halls.
 24675 | Orc:2    | Found Kecakadgh's Antique Armour Boutique.
 24757 | Orc:2    | Bought a kite shield for 157 gold pieces
 25187 | Orc:2    | Reached skill level 1 in Shields
 25615 | Orc:2    | Noticed an orc warlord
 25629 | Orc:2    | Killed an orc warlord
 25849 | Orc:2    | Found Zahoto's Antique Weapon Shop.
 25853 | Orc:2    | Found Weirghedgh's Antique Armour Boutique.
 25950 | Orc:2    | Reached skill level 5 in Armour
 26289 | Orc:2    | Found Qiklim's Armour Boutique.
 26357 | Orc:2    | Found a runed translucent gate.
 26357 | Orc:2    | Found a runed translucent gate.
 26357 | Orc:2    | Found a runed translucent gate.
 26359 | Orc:2    | Found an opulent altar of Gozag.
 26359 | Orc:2    | Found Putwebre's Assorted Antiques.
 26366 | Orc:2    | Noticed MacCMillion's ghost (journeyman HOFi)
 26695 | Orc:2    | Killed MacCMillion's ghost
 26695 | Orc:2    | Reached ****** piety under Zin
 27081 | Orc:2    | Bought a scroll labelled SEREOS HAMA for 30 gold pieces
 27081 | Orc:2    | Bought a scroll labelled WAEZOK GYIWA for 30 gold pieces
 27081 | Orc:2    | Bought a scroll labelled BODAOC AZERRO for 30 gold pieces
 27118 | Orc:2    | Bought a pair of boots for 135 gold pieces
 27125 | Orc:2    | Lost mutation: You are partially covered in iridescent
                  | scales. (AC +2) [potion of mutation]
 27125 | Orc:2    | Lost mutation: You have a pair of small antennae on your
                  | head. [potion of mutation]
 27125 | Orc:2    | Lost mutation: Your spells are a little harder to cast, but
                  | a little more powerful. [potion of mutation]
 27126 | Orc:2    | Lost mutation: You are vulnerable to cold. (rC-) [potion of
                  | mutation]
 27281 | D:11     | Mangled by a boulder beetle

Illustrated notes

Levels and vault maps discovered:
D:1:      dpeg_arrival_prison, layout_basic,
          dreamdust_ecumenical_altar_hidden_monk_grotto
D:2:      layout_rooms, hangedman_feature_mirror, minmay_rat_hole
D:3:      layout_basic, supply_closet_lemuel, uniq_ijyb
D:4:      layout_cave_pools, kiku_gazebo_pond_becter
D:5:      layout_loops_ring, nicolae_hepliaklqana_monster_ancestors,
          mainiacjoe_overflow_tiny_flanked, grunt_ministairs_2,
          uniq_crazy_yiuf_cottage
D:6:      layout_gridville, mainiacjoe_overflow_alcove_3, uniq_blork_the_orc
D:7:      layout_loops_corners, mainiacjoe_overflow_chevrons,
          grunt_dithmenos_shadows, temple_fountains, enter_bailey_3,
          nicolae_shop_self_help
D:8:      layout_basic
D:9:      layout_roguey, nicolae_tso_carved_into_rock,
          chequers_temple_overflow_minitemple, nicolae_diode_stairs
D:10:     layout_irregular_city, hellmonk_lair_entry_icy, serial_shops, shop,
          uniq_sonja
D:11:     gammafunk_sealed_arena, layout_irregular_city, hiddenorc2_lemuel,
          minmay_misc_feat_square, elyvilon_altar_1, uniq_fannar, uniq_harold
Temple:   hellmonk_temple_micro_hex
Lair:1:   layout_concentric_octagons
Lair:2:   layout_cave_pods, nicolae_spider_entry_non_spiders,
          nicolae_lair_grazing_beasts [nicolae_sub_lair_graze_edge,
          nicolae_sub_lair_graze_edge, nicolae_sub_lair_graze_edge,
          nicolae_sub_lair_graze_edge], lemuel_fruit_fields,
          serial_bayou_shore_b
Lair:3:   layout_small_grid, nicolae_shoals_entry_flooding, guppyfry_lair_drakes
Lair:4:   layout_roguey
Lair:5:   grunt_lair_end_beastmaster, layout_misc_corridors,
          dpeg_slime_entry_enclosed, basic_altar
Orc:1:    layout_caves, nicolae_orc_takin'_care_of_business
Orc:2:    grunt_orc_community_town_hall, layout_caves,
          grunt_orc_community_big_house_1, grunt_orc_community_big_house_2,
          grunt_orc_community_house_1, grunt_orc_community_house_2,
          grunt_orc_community_house_1, grunt_orc_community_house_1,
          ebering_ghost_gozag, regret_index_minedec_shroomtown_chain

Skill      XL: |  1  2  3  4  5  6  7  8  9 10 11 12 13 14 |
---------------+-------------------------------------------+-----
Spellcasting   | 4 5 6 7 10 11 12 | 12.6
Fighting       | 1 2 3 4 |  4.0
Conjurations   | 5 6 7 11 12 | 12.3
Dodging        | 3 4 5 8 |  8.0
Armour         | 1 2 3 5 |  5.6
Ice Magic      | 3 7 11 12 | 12.4
Air Magic      | 8 11 12 | 12.2
Translocations | 2 11 12 | 12.3
Shields        | 3 |  3.7
Stealth        | |  2.4

Action                     |  1- 3 |  4- 6 |  7- 9 | 10-12 | 13-15 || total
---------------------------+-------+-------+-------+-------+-------++-------
  Melee: Dagger            |       |     2 |     3 |    16 |    65 ||    86
         Punch             |       |       |       |       |     1 ||     1
   Cast: Magic Dart        |    60 |   100 |   102 |   202 |   227 ||   691
         Searing Ray       |     2 |    20 |    37 |   131 |   105 ||   295
         Hailstorm         |       |       |    15 |    52 |    28 ||    95
         Freezing Cloud    |       |       |       |    20 |    83 ||   103
         Iskenderun's Myst |       |       |       |     1 |    91 ||    92
 Invoke: Donate Gold       |       |       |       |       |     1 ||     1
  Evoke: Wand              |       |       |       |       |     9 ||     9
    Use: Potion            |       |     1 |     1 |       |     6 ||     8
         Scroll            |       |       |       |       |    17 ||    17
 Armour: Robe              |     1 |    10 |    10 |       |       ||    21
         Ring mail         |       |       |     8 |    30 |    96 ||   134
         Leather armour    |       |       |     6 |   141 |    93 ||   240
         Skin              |       |       |       |       |     3 ||     3
  Dodge: Dodged            |     9 |    13 |    49 |   273 |   305 ||   649
